 Dungeon Crawl Stone Soup version 0.25-a0-510-ge065f6de7d (webtiles) character file.

Game seed: 17874000868959795296, levelgen mode: classic

56602 EnegeticOcto the Champion of Chaos (level 14, -11/121 HPs)
             Began as a Deep Dwarf Fighter on Feb 15, 2020.
             Was the Champion of Makhleb.
             Mangled by a cyan ugly thing (12 damage)
             ... on level 15 of the Dungeon.
             The game lasted 00:10:46 (11327 turns).

EnegeticOcto the Champion of Chaos (DDFi)          Turns: 11327, Time: 00:10:47

Health: -11/121    AC: 11    Str: 25    XL:     14   Next: 42%
Magic:  2/2        EV: 10    Int:  9    God:    Makhleb [******]
Gold:   513        SH: 21    Dex: 12    Spells: 13/13 levels left

rFire    . . .     SeeInvis .   l - +2 hand axe (elec)
rCold    . . .     Gourm    +   s - +3 tower shield
rNeg     + + .     Faith    .   m - +1 chain mail {rPois}
rPois    +         Spirit   .   h - +0 helmet
rElec    .         Reflect  .   (no cloak)
rCorr    .         Harm     .   B - +0 pair of gloves
MR       +++..                  g - +2 pair of boots
Stlth    ..........             k - amulet of the gourmand
HPRegen  0.00/turn              H - ring of positive energy
MPRegen  0.08/turn              A - ring of protection from magic

@: corroded, non-regenerating
A: damage resistance, heal wounds, frail 1, negative energy resistance 1, sense
surroundings 3, no regeneration
a: Heal Wounds, Minor Destruction, Lesser Servant of Makhleb, Major Destruction,
Greater Servant of Makhleb, Renounce Religion


You were on level 15 of the Dungeon.
You worshipped Makhleb.
Makhleb was exalted by your worship.
You were very full.

You visited 2 branches of the dungeon, and saw 16 of its levels.
You also visited: Bailey and Ice Cave.

You collected 1319 gold pieces.
You spent 806 gold pieces at shops.

Inventory:

Hand Weapons
 a - a +0 broad axe
 l - a +2 hand axe of electrocution (weapon)
 E - a +0 war axe
Armour
 g - a +2 pair of boots (worn)
 h - a +0 helmet (worn)
 m - a +1 chain mail of poison resistance (worn)
 s - a +3 tower shield (worn)
 B - a +0 pair of gloves (worn)
 N - a +0 plate armour of cold resistance
Jewellery
 k - an amulet of the gourmand (around neck)
 A - a ring of protection from magic (right hand)
 H - a ring of positive energy (left hand)
 I - the ring of Vobrarch {rC+ Int+2 Slay-2 SInv}
   (You found it on level 13 of the Dungeon)

   [ring of protection from cold]

   It affects your intelligence (+2).
   It affects your accuracy and damage with ranged weapons and melee attacks
   (-2).
   It protects you from cold.
   It lets you see invisible.
Wands
 j - a wand of iceblast (30)
 p - a wand of acid (5) {@V1}
 t - a wand of flame (47)
 u - a wand of disintegration (18)
 L - a wand of scattershot (7)
Scrolls
 c - a scroll of blinking {@r3}
 f - 7 scrolls of teleportation {@r2}
 q - 4 scrolls of remove curse {@r6}
 y - 5 scrolls of identify {@r1}
 z - 2 scrolls of enchant weapon
 F - a scroll of fog
 G - a scroll of summoning
Potions
 b - a potion of magic
 d - 3 potions of might {@q3}
 i - 4 potions of degeneration
 n - 3 potions of heal wounds {@q2}
 o - 3 potions of agility {@q5}
 r - 5 potions of brilliance
 v - 2 potions of berserk rage
 w - 3 potions of lignification {@q7}
 x - a potion of haste {@q4}
 C - 2 potions of mutation
 D - 2 potions of flight
 K - a potion of curing {@q1}
Miscellaneous
 J - 3 tremorstones
Comestibles
 e - 35 rations
 M - 3 chunks of flesh


   Skills:
 * Level 11.3 Fighting
 * Level 13.5 Axes
 + Level 10.4 Armour
 + Level 9.8 Dodging
 + Level 10.4 Shields
 * Level 14.1 Invocations


You had 13 spell levels left.
You didn't know any spells.
Your spell library contained the following spells:

 Spells                   Type           Power        Failure   Level  Hunger
 Animate Skeleton         Necr           N/A          100%        1    ##.....
 Apportation              Tloc           #.....       100%        1    ##.....
 Corona                   Hex            #......      100%        1    ##.....
 Pain                     Necr           #...         100%        1    ##.....
 Summon Small Mammal      Summ           #...         100%        1    ##.....
 Ensorcelled Hibernation  Hex/Ice        #.....       100%        2    ###....
 Poisonous Vapours        Pois/Air       #.....       100%        2    ###....
 Slow                     Hex            #.......     100%        2    ###....
 Confusing Touch          Hex            #.......     100%        3    ####...
 Dazzling Flash           Conj/Hex       #.....       100%        3    ####...
 Ignite Poison            Fire/Tmut/Pois #.......     100%        3    ####...
 Spider Form              Tmut/Pois      #.........   100%        3    ####...
 Tukima's Dance           Hex            #.......     100%        3    ####...
 Vampiric Draining        Necr           #.........   100%        3    ####...
 Animate Dead             Necr           N/A          100%        4    #####..
 Fulminant Prism          Conj/Hex       #.........   100%        4    #####..
 Leda's Liquefaction      Hex/Erth       #.........   100%        4    #####..
 Olgreb's Toxic Radiance  Pois           #.......     100%        4    #####..
 Agony                    Necr           #.......     100%        5    ######.
 Darkness                 Hex            #.........   100%        6    #######


Dungeon Overview and Level Annotations

Branches:
Dungeon (15/15)            Temple (1/1) D:6            Lair (0/6) D:8
    Orc (0/2) D:9          Vaults (0/5) D:13         Bailey (visited)
  IceCv (visited)
 Depths: D:15

Altars:
Ashenzari
Dithmenos
Elyvilon
Fedhas
Gozag
Hepliaklqana
Kikubaaqudgha
Makhleb
Okawaru
Qazlal
Ru
Trog
Uskayaw
Xom
Yredelemnul
Zin
Beogh

Shops:
D:5 [   D:15 [

Annotations:
D:8 2 transporters, Error4North's ghost, novice HOFi
D:15 1 runed translucent door, Fiomipt's ghost, journeyman CeHu


Innate Abilities, Weirdness & Mutations

You are resistant to damage.
You can heal yourself by infusing magical energy.
You resist negative energy. (rN+)
You passively map a large area around you.
You do not regenerate.
You are frail. (-10% HP)


Message History

You block the green ugly thing's attack.
The white ugly thing basks in the mutagenic energy from its kin and changes!
You hit the green ugly thing.
The green ugly thing is moderately wounded.
You hit the cyan ugly thing but do no damage.
You block the cyan ugly thing's attack.
You block the green ugly thing's attack.
You hit the green ugly thing.
The green ugly thing is heavily wounded.
You slash the cyan ugly thing!
The cyan ugly thing bites you but does no damage.
You block the green ugly thing's attack.
You slash the green ugly thing!
The green ugly thing is heavily wounded.
You hit the cyan ugly thing but do no damage.
The green ugly thing basks in the mutagenic energy from its kin and changes!
The cyan ugly thing bites you! The cyan ugly thing shocks you!
* * * LOW HITPOINT WARNING * * *
You hit the green ugly thing.
The green ugly thing is severely wounded.
You hit the cyan ugly thing.
The green ugly thing basks in the mutagenic energy from its kin and changes!
You slash the cyan ugly thing!
The cyan ugly thing is almost dead.
Your shield and chain mail prevent you from hitting the cyan ugly thing.
You block the cyan ugly thing's attack.
You barely miss the cyan ugly thing.
The cyan ugly thing is almost dead.
You hit the cyan ugly thing. You block the cyan ugly thing's attack.
You slash the cyan ugly thing!
You kill the cyan ugly thing!
Makhleb accepts your kill.
You feel better.
You hit the cyan ugly thing. You block the cyan ugly thing's attack.
The brown ugly thing completely misses you.
The cyan ugly thing pecks you but does no damage.
There is an open door, spattered with blood here.
Things that are here:
an ugly thing corpse x2
You hit the brown ugly thing but do no damage.
You hit the cyan ugly thing. x2; You block the cyan ugly thing's attack.
The cyan ugly thing pecks you but does no damage.
You block the brown ugly thing's attack.
You slash the brown ugly thing!
The brown ugly thing is lightly wounded.
You slash the cyan ugly thing!
Your shield and chain mail prevent you from hitting the cyan ugly thing.
You block the cyan ugly thing's attack. The brown ugly thing barely misses you.
You block the cyan ugly thing's attack.
You closely miss the brown ugly thing.
The brown ugly thing is lightly wounded.
You closely miss the cyan ugly thing.
You hit the cyan ugly thing but do no damage.
You hit the brown ugly thing.
The brown ugly thing is lightly wounded.
You hit the cyan ugly thing but do no damage.
You closely miss the cyan ugly thing. You block the cyan ugly thing's attack.
The brown ugly thing tail-slaps you! The acid corrodes you!
You are splashed with acid!
* * * LOW HITPOINT WARNING * * *
You block the cyan ugly thing's attack.
You hit the brown ugly thing.
The brown ugly thing is moderately wounded.
You hit the cyan ugly thing but do no damage.
You closely miss the cyan ugly thing. The cyan ugly thing closely misses you.
The cyan ugly thing barely misses you. The brown ugly thing tail-slaps you!
* * * LOW HITPOINT WARNING * * *
The acid corrodes you!
You are splashed with acid!
* * * LOW HITPOINT WARNING * * *
You closely miss the brown ugly thing.
The brown ugly thing is moderately wounded.
You closely miss the cyan ugly thing. You hit the cyan ugly thing.
You closely miss the brown ugly thing.
The brown ugly thing is moderately wounded.
You slash the cyan ugly thing!
You hit the cyan ugly thing but do no damage.
The brown ugly thing basks in the mutagenic energy from its kin and changes!
You block the cyan ugly thing's attack.
The cyan ugly thing completely misses you.
You hit the cyan ugly thing.
The cyan ugly thing is moderately wounded.
Your shield and chain mail prevent you from hitting the cyan ugly thing.
You hit the cyan ugly thing but do no damage.
The cyan ugly thing bites you but does no damage.
You block the cyan ugly thing's attack.
You barely miss the cyan ugly thing.
The cyan ugly thing is moderately wounded.
You hit the cyan ugly thing but do no damage.
You closely miss the cyan ugly thing. You block the cyan ugly thing's attack.
The cyan ugly thing closely misses you.
You slash the cyan ugly thing!
The cyan ugly thing is moderately wounded.
You hit the cyan ugly thing. x2; You block the cyan ugly thing's attack.
The cyan ugly thing barely misses you. The cyan ugly thing pecks you.
* * * LOW HITPOINT WARNING * * *
The cyan ugly thing shocks you!
* * * LOW HITPOINT WARNING * * *
You fail to use your ability.
You block the cyan ugly thing's attack. The cyan ugly thing pecks you.
The cyan ugly thing shocks you!
You die...

.#.............. *, ,*
.#............. ,,*
##...##....##. , ,* *
'.#####....# #######
#........).######......#
............)...#......#
................#......#
...............u#u.....#
................@u.....#
#################......#
#######


You could see 3 ugly things.

Vanquished Creatures
  Rupert (D:15)
  Snorg (D:14)
  A rakshasa (D:14)
  8 vault guards (D:13)
  A hydra (D:15)
  An ogre mage (D:13)
  6 centaur warriors
  3 two-headed ogres
  4 skeletal warriors
  A deep elf knight (D:13)
  2 unseen horrors (D:13)
  3 orc knights
  3 manticores
  A deep elf mage (D:13)
  7 ugly things
  3 cyclopes
  The ghost of Error4North the Chopper, a novice HOFi (D:6)
  A gargoyle (D:15)
  9 freezing wraiths (IceCv)
  2 komodo dragons
  An efreet (D:14)
  2 kobold demonologists
  3 trolls
  2 queen bees
  3 meliai (D:12)
  A hornet (D:6)
  2 hippogriffs (D:7)
  9 slime creatures
  A vampire (D:14)
  A wyvern (D:13)
  A wraith (D:13)
  3 hungry ghosts
  A golden eye (shapeshifter) (D:13)
  19 yaks
  A basilisk (D:14)
  A steam dragon (D:9)
  8 vampire mosquitoes
  A death yak simulacrum (IceCv)
  An acid dragon (D:11)
  A soldier ant (shapeshifter) (D:9)
  A soldier ant (D:13)
  2 water moccasins
  16 orc warriors
  14 ice beasts
  2 black bears
  5 porcupines (D:8)
  2 phantoms
  5 sky beasts
  A hornet zombie (D:14)
  An eye of draining (D:9)
  A necrophage (D:9)
  6 ogres
  3 crocodiles
  18 centaurs
  15 bullfrogs
  A big kobold (D:11)
  A wyvern zombie (D:13)
  A wyvern skeleton (D:6)
  5 scorpions
  39 killer bees
  2 howler monkeys
  22 wights
  2 centaur zombies
  2 bullfrog zombies
  5 crimson imps
  A draconian simulacrum (IceCv)
  7 hounds
  4 bullfrog skeletons
  11 orc priests
  8 jellies
  5 centaur skeletons
  A gnoll shaman (D:7)
  8 orc wizards
  2 iguanas
  5 worker ants
  Ijyb (D:5)
  2 polar bear simulacra (IceCv)
  A spriggan simulacrum (IceCv)
  2 troll simulacra (IceCv)
  A wolf simulacrum (IceCv)
  A killer bee zombie (D:5)
  A centaur simulacrum (IceCv)
  A hound skeleton (D:7)
  2 hound zombies (D:5)
  7 gnolls
  A howler monkey skeleton (D:4)
  12 adders
  A naga simulacrum (IceCv)
  3 shadow imps
  7 white imps (IceCv)
  2 adder skeletons
  2 worms
  A dart slug (D:3)
  4 leopard geckos
  93 orcs
  A ball python (D:1)
  A giant cockroach (D:3)
  2 goblins
  10 hobgoblins
  13 jackals
  2 quokkas (D:7)
  3 frilled lizards
  15 kobolds
  A quokka skeleton (D:5)
  A quokka zombie (D:5)
  4 rats
  11 bushes (D:15)
  A fungus (D:8)
555 creatures vanquished.

Vanquished Creatures (collateral kills)
  A hydra (D:13)
  A death knight (D:13)
  2 orc knights (Bailey)
  A manticore (D:15)
  A centaur zombie (D:13)
  A freezing wraith (IceCv)
  A komodo dragon (D:15)
  2 wraiths (D:13)
  3 centaurs (D:15)
  A spriggan simulacrum (IceCv)
  A centaur simulacrum (IceCv)
  A naga simulacrum (IceCv)
  5 white imps (IceCv)
  A bush (D:15)
22 creatures vanquished.

Vanquished Creatures (others)
  A bush (D:15)
1 creature vanquished.

Grand Total: 578 creatures vanquished

Notes
Turn   | Place    | Note
-------+----------+-------------------------------------------
     0 | D:1      | EnegeticOcto the Deep Dwarf Fighter began the quest for the
                  | Orb.
     0 | D:1      | Reached XP level 1. HP: 20/20 MP: 1/1
    53 | D:2      | Reached XP level 2. HP: 18/27 MP: 2/2
   189 | D:2      | Reached skill level 1 in Dodging
   201 | D:2      | Reached XP level 3. HP: 33/33 MP: 3/3
   646 | D:3      | Reached XP level 4. HP: 39/42 MP: 4/4
   812 | D:4      | Found a hazy altar of Hepliaklqana.
   814 | D:4      | Found a shattered altar of Ashenzari.
   817 | D:4      | Found an iron altar of Okawaru.
   823 | D:4      | Reached XP level 5. HP: 41/49 MP: 3/3
   950 | D:4      | Noticed an ogre
   972 | D:4      | Killed an ogre
   972 | D:4      | Reached XP level 6. HP: 23/56 MP: 4/4
  1172 | D:4      | Found Nashoch's Antique Weapon Shoppe.
  1309 | D:5      | Entered Level 5 of the Dungeon
  1317 | D:5      | Noticed a sky beast
  1340 | D:5      | Killed a sky beast
  1340 | D:5      | Reached skill level 5 in Axes
  1340 | D:5      | Reached XP level 7. HP: 41/63 MP: 4/4
  1462 | D:5      | Noticed Ijyb
  1471 | D:5      | Killed Ijyb
  1586 | D:5      | Reached skill level 5 in Shields
  1638 | D:5      | Reached skill level 5 in Armour
  1700 | D:5      | Found Uduwn's Armour Shop.
  1976 | D:5      | Found a glowing silver altar of Zin.
  2093 | D:6      | Reached XP level 8. HP: 57/72 MP: 4/4
  2104 | D:6      | Found a staircase to the Ecumenical Temple.
  2116 | Temple   | Entered the Ecumenical Temple
  2149 | Temple   | Became a worshipper of Makhleb the Destroyer
  2208 | D:6      | Reached skill level 1 in Invocations
  2238 | D:6      | Reached skill level 2 in Invocations
  2356 | D:6      | Noticed a hornet
  2368 | D:6      | Noticed Error4North's ghost (novice HOFi)
  2382 | D:6      | Found a transporter.
  2384 | D:6      | Found a transporter.
  2389 | D:6      | Noticed a queen bee
  2401 | D:6      | Reached skill level 5 in Fighting
  2401 | D:6      | Reached skill level 3 in Invocations
  2412 | D:6      | Killed a hornet
  2416 | D:6      | Gained mutation: You passively map the area around you.
                  | [Deep Dwarf growth]
  2416 | D:6      | Reached XP level 9. HP: 50/81 MP: 5/5
  2438 | D:6      | Killed Error4North's ghost
  2438 | D:6      | Reached skill level 5 in Dodging
  2438 | D:6      | Reached skill level 4 in Invocations
  2468 | D:6      | Killed a queen bee
  2700 | D:6      | Reached * piety under Makhleb
  2735 | D:6      | Identified the Incunabulum of Envenoming
  3002 | D:6      | Gained mutation: You are frail. (-10% HP) [potion of
                  | mutation]
  3002 | D:6      | Gained mutation: You passively map a large area around you.
                  | [potion of mutation]
  3150 | D:7      | Reached skill level 5 in Invocations
  3175 | D:7      | Found a stormy altar of Qazlal.
  3418 | D:7      | Found a shimmering altar of Xom.
  3550 | D:7      | Reached skill level 6 in Invocations
  4168 | D:8      | Reached XP level 10. HP: 69/82 MP: 5/5
  4170 | D:8      | Found a staircase to the Lair.
  4201 | D:8      | Reached ** piety under Makhleb
  4201 | D:8      | Reached skill level 7 in Invocations
  4311 | D:8      | Noticed a cyclops
  4317 | D:8      | Killed a cyclops
  4335 | D:8      | Found a white marble altar of Elyvilon.
  4335 | D:8      | Found a sacrificial altar of Ru.
  4339 | D:8      | Found an ancient bone altar of Kikubaaqudgha.
  4481 | D:8      | Found a transporter.
  4481 | D:8      | Noticed Error4North's ghost (novice HOFi)
  4492 | D:8      | Found a transporter.
  4769 | D:9      | Reached skill level 8 in Invocations
  4850 | D:9      | Reached XP level 11. HP: 90/90 MP: 8/8
  4881 | D:9      | Reached *** piety under Makhleb
  5150 | D:9      | Reached skill level 10 in Axes
  5151 | D:9      | Found a roughly hewn altar of Beogh.
  5151 | D:9      | Found a staircase to the Orcish Mines.
  5186 | D:9      | Found a burning altar of Makhleb.
  5324 | D:9      | Reached skill level 9 in Invocations
  5466 | D:9      | Reached **** piety under Makhleb
  5613 | D:10     | Entered Level 10 of the Dungeon
  5800 | D:10     | Found a flagged portal.
  5818 | Bailey   | Entered a bailey
  5824 | Bailey   | Noticed an orc knight
  5824 | Bailey   | Noticed an orc knight
  5961 | Bailey   | Noticed an orc knight
  5969 | Bailey   | Killed an orc knight
  5970 | Bailey   | Identified the +1 robe "Veqorr" {rN+ rCorr Stlth+}
  5996 | Bailey   | Killed an orc knight
  5998 | Bailey   | Killed an orc knight
  6740 | D:11     | Noticed a purple ugly thing
  6744 | D:11     | Reached skill level 10 in Invocations
  6762 | D:11     | Killed a purple ugly thing
  7255 | D:11     | Reached ***** piety under Makhleb
  7295 | D:11     | Noticed a skeletal warrior
  7295 | D:11     | Noticed a skeletal warrior
  7297 | D:11     | Noticed a skeletal warrior
  7314 | D:11     | Killed a skeletal warrior
  7315 | D:11     | Killed a skeletal warrior
  7315 | D:11     | Reached XP level 12. HP: 85/100 MP: 8/8
  8088 | D:12     | Reached skill level 11 in Invocations
  8341 | D:13     | Noticed a centaur warrior
  8349 | D:13     | Killed a centaur warrior
  8512 | D:13     | Noticed a two-headed ogre
  8521 | D:13     | Killed a two-headed ogre
  8550 | D:13     | Found a gate to the Vaults.
  8550 | D:13     | Noticed a vault guard
  8550 | D:13     | Noticed a vault guard
  8550 | D:13     | Noticed a vault guard
  8550 | D:13     | Noticed a vault guard
  8550 | D:13     | Noticed a vault guard
  8551 | D:13     | Noticed a vault guard
  8551 | D:13     | Noticed a vault guard
  8551 | D:13     | Noticed a vault guard
  8559 | D:13     | Killed a vault guard
  8579 | D:13     | Killed a vault guard
  8597 | D:13     | Killed a vault guard
  8597 | D:13     | Reached skill level 12 in Invocations
  8602 | D:13     | Killed a vault guard
  8618 | D:13     | Killed a vault guard
  8618 | D:13     | Reached XP level 13. HP: 110/110 MP: 11/11
  8659 | D:13     | Reached skill level 10 in Fighting
  8899 | D:13     | Found a frozen archway.
  8911 | IceCv    | Entered an ice cave
  9103 | IceCv    | Found an ancient bone altar of Kikubaaqudgha.
  9557 | D:13     | Reached skill level 13 in Invocations
  9623 | D:13     | Reached ****** piety under Makhleb
  9638 | D:13     | Found the +3 robe of Clouds {+Thunder rCloud rElec}
  9660 | D:13     | HP: 3/111 [orc knight/+0 war axe (12)]
  9686 | D:13     | Identified the Guide on Unholy Enchantment
  9692 | D:13     | Got a pitted turquoise ring
  9693 | D:13     | Identified the ring of Vobrarch {rC+ Int+2 Slay-2 SInv}
                  | (You found it on level 13 of the Dungeon)
  9724 | D:13     | Reached skill level 10 in Armour
  9724 | D:13     | Reached skill level 10 in Shields
  9949 | D:14     | Found a blossoming altar of Fedhas.
  9979 | D:14     | Gained mutation: You resist negative energy. (rN+) [Deep
                  | Dwarf growth]
  9979 | D:14     | Reached XP level 14. HP: 119/119 MP: 4/4
 10063 | D:14     | Noticed Snorg
 10087 | D:14     | Killed Snorg
 10393 | D:15     | Entered Level 15 of the Dungeon
 10963 | D:15     | Found a runed translucent door.
 10963 | D:15     | Found a shimmering altar of Xom.
 10963 | D:15     | Noticed Fiomipt's ghost (journeyman CeHu)
 11173 | D:15     | Reached skill level 14 in Invocations
 11188 | D:15     | Found Eclat's Antique Armour Shop.
 11191 | D:15     | Bought a runed plate armour for 806 gold pieces
 11241 | D:15     | Noticed Rupert
 11265 | D:15     | Killed Rupert
 11326 | D:15     | HP: 1/121 [cyan ugly thing (12)]
 11327 | D:15     | Mangled by a cyan ugly thing

Levels and vault maps discovered:
D:1:      ebering_trefoil_3fold, layout_loops_ring
D:2:      layout_basic, lemuel_coloured_pillars_altar, first_ration,
          uniq_jessica, uniq_robin
D:3:      layout_loops_corners, uniq_sigmund
D:4:      layout_basic, grunt_temple_overflow_diamond, serial_shops,
          nicolae_shop_overgrown_old_shop
D:5:      layout_loops_ring, zin_scriptorium, serial_shops,
          nicolae_shop_crystal, uniq_ijyb
D:6:      layout_basic, minmay_temple_entry_statues_fountains,
          gammafunk_ghost_hive, hex_tiny
D:7:      layout_basic, basic_altar, serial_glass, glass_columns_a,
          glass_columns_c, dk_xom_monty_hall
D:8:      layout_loops_ring, gammafunk_temple_overflow_claw,
          minmay_lair_entry_grove, gammafunk_ghost_stat_death
D:9:      layout_roguey, david_orc_5, basic_altar, grunt_pizzeria,
          minmay_checkerbox
D:10:     layout_roguey, special_room [special_room_orc], enter_bailey_2,
          st_stairs_11
D:11:     layout_stronghold
D:12:     layout_cave_pods, minivault_7
D:13:     minmay_the_grid_square_5x5_3x3 [minmay_the_grid_square_5x5_minibox,
          minmay_the_grid_square_5x5_c, minmay_the_grid_square_5x5_doubleslash,
          minmay_the_grid_square_5x5_dogpile,
          minmay_the_grid_square_5x5_megaprize_diamond,
          minmay_the_grid_square_5x5_tetrominoes,
          minmay_the_grid_square_5x5_minimal, minmay_the_grid_square_5x5_mess,
          minmay_the_grid_square_5x5_hollow_slash], layout_irregular_city,
          erik_vaults_2, portal_ice_cave_entry_pillars_2
D:14:     layout_cave_pools, basic_altar, serial_park_tiny_pond, uniq_snorg
D:15:     grunt_enter_depths_magical_seal, layout_gridville, serial_shops,
          nicolae_shop_behind_doors, minmay_hedge_maze, ebering_ghost_xom,
          uniq_rupert
Temple:   nicolae_temple_great_sept

Skill      XL: |  1  2  3  4  5  6  7  8  9 10 11 12 13 14 |
---------------+-------------------------------------------+-----
Dodging        | 1 2 3 4 5 6 7 8 9 |  9.8
Axes           | 3 4 5 6 7 8 9 10 12 13 | 13.5
Fighting       | 3 4 5 6 7 8 9 10 11 | 11.3
Armour         | 4 5 6 7 8 9 10 | 10.4
Shields        | 4 5 6 7 8 9 10 | 10.4
Invocations    | 3 6 8 10 12 13 14 | 14.1

Action                   |  1- 3 |  4- 6 |  7- 9 | 10-12 | 13-15 || total
-------------------------+-------+-------+-------+-------+-------++-------
Melee: War axe           |   100 |    30 |       |       |       ||   130
       Hand axe          |       |    86 |   317 |   923 |   770 ||  2096
Invok: Lesser Servant of |       |       |       |     4 |    13 ||    17
 Abil: Heal Wounds       |     2 |     5 |    13 |     7 |    40 ||    67
Evoke: Wand              |       |       |       |     8 |     6 ||    14
  Use: Scroll            |       |       |    13 |     8 |     4 ||    25
       Potion            |       |       |     1 |     1 |       ||     2
 Stab: Paralysed         |       |       |       |     6 |       ||     6
       Distracted        |       |       |       |     3 |     2 ||     5
  Eat: Chunk             |       |     2 |    21 |    15 |    17 ||    55
       Ration            |       |       |     1 |       |       ||     1
Armor: Scale mail        |    64 |    21 |       |       |       ||    85
       Chain mail        |       |    32 |   142 |   224 |   235 ||   633
Dodge: Dodged            |    37 |    29 |    60 |   165 |   218 ||   509
Block: Kite shield       |    55 |    40 |       |       |       ||    95
       Tower shield      |       |     6 |   336 |   892 |   815 ||  2049

Table legend:
 A = Non-vault XP
 B = Vault XP
 C = Vault XP percentage of total XP
 D = Non-vault monster count
 E = Vault monster count
 F = Vault count percentage of total count
                 A         B        C        D         E       F
            +---------+---------+-------+---------+---------+-------
      Total |   45622 |   35239 |  43.6 |     372 |     192 |  34.0
            +---------+---------+-------+---------+---------+-------
        D:1 |       4 |       0 |   0.0 |       2 |       0 |   0.0
        D:2 |      52 |       0 |   0.0 |       9 |       0 |   0.0
        D:3 |      54 |       0 |   0.0 |      17 |       0 |   0.0
        D:4 |     511 |       0 |   0.0 |      24 |       0 |   0.0
        D:5 |     662 |      35 |   5.0 |      22 |       1 |   4.3
        D:6 |    1134 |    1417 |  55.5 |      23 |       9 |  28.1
        D:7 |    1245 |      87 |   6.5 |      24 |       3 |  11.1
        D:8 |     913 |    2161 |  70.3 |      17 |      13 |  43.3
        D:9 |    4331 |    1463 |  25.3 |      52 |      26 |  33.3
       D:10 |     525 |    1354 |  72.1 |      10 |      25 |  71.4
       D:11 |    6021 |       0 |   0.0 |      45 |       0 |   0.0
       D:12 |    1114 |    2079 |  65.1 |      15 |      18 |  54.5
       D:13 |   12900 |   16337 |  55.9 |      53 |      29 |  35.4
       D:14 |    7587 |    1168 |  13.3 |      32 |       1 |   3.0
       D:15 |    8569 |    2513 |  22.7 |      27 |       1 |   3.6
     Bailey |       0 |    1877 | 100.0 |       0 |      25 | 100.0
      IceCv |       0 |    4748 | 100.0 |       0 |      41 | 100.0
            +---------+---------+-------+---------+---------+-------
